 Dungeon Crawl Stone Soup version 0.29-a0-845-g6161e89988 (webtiles) character file.

Game seed: 14168335432561791354

910 xian the Caller (level 7, 0/47 HPs)
             Began as a Demonspawn Summoner on July 16, 2022.
             Was an Initiate of Gozag.
             Slain by a gnoll
             ... wielding a +0 spear
             ... led by a gnoll bouda
              (3 damage)
             ... on level 4 of the Dungeon.
             The game lasted 00:25:13 (4813 turns).

xian the Caller (Demonspawn Summoner)               Turns: 4813, Time: 00:25:14

Health: 0/47       AC:  8    Str:  9    XL:     7   Next: 81%
Magic:  5/14       EV: 12    Int: 18    God:    Gozag
Gold:   287        SH:  0    Dex: 13    Spells: 7/16 levels left

rFire   + . .      SeeInvis .   j - +0 dagger
rCold   x . .      Faith    .   (no shield)
rNeg    . . .      Spirit   .   u - +0 leather armour {rPois}
rPois   +          Reflect  .   m - +1 helmet
rElec   .          Harm     .   (no cloak)
rCorr   .          Rampage  .   g - +0 pair of gloves
Will    .....                   (no boots)
Stlth   ++........              (no amulet)
HPRegen 0.15/turn               r - ring of fire
MPRegen 0.14/turn               (no ring)

@: no status effects
A: yellow scales 1
a: Renounce Religion, Potion Petition, Call Merchant, Bribe Branch


You were on level 4 of the Dungeon.
You worshipped Gozag.
Gozag was aware of your devotion.
You visited 2 branches of the dungeon, and saw 5 of its levels.
You also visited: Ossuary.

You collected 415 gold pieces.
You paid 128 gold pieces to Gozag.

Inventory:

Hand Weapons
 j - a +0 dagger (weapon)
Armour
 g - a +0 pair of gloves (worn)
 m - a +1 helmet (worn)
 u - a +0 leather armour of poison resistance (worn)
Jewellery
 r - a ring of fire (left hand)
Scrolls
 a - a scroll of fear {unknown}
 e - 2 scrolls of enchant weapon
 h - 2 scrolls of enchant armour
 l - a scroll of silence
 o - a scroll of brand weapon
 s - a scroll of immolation
 t - a scroll of amnesia
Potions
 b - a potion of magic
 c - 2 potions of heal wounds
 d - 2 potions of mutation {unknown}
 f - 4 potions of lignification
 i - 3 potions of resistance {unknown}
 k - 7 potions of curing
 n - 2 potions of might {unknown}
 p - 2 potions of berserk rage {unknown}
 q - 2 potions of cancellation {unknown}


   Skills:
 + Level 0.7 Fighting
 + Level 1.0 Short Blades
 + Level 0.4 Armour
 + Level 3.0 Dodging
 + Level 2.6 Stealth
 + Level 1.0 Unarmed Combat
 + Level 5.2 Spellcasting
 + Level 1.2 Hexes
 + Level 6.7 Summonings


You had 7 spell levels left.
You knew the following spells:

 Your Spells              Type           Power      Damage    Failure   Level
a - Summon Small Mammal   Summ           100%       N/A       1%          1
b - Call Imp              Summ           29%        N/A       1%          2
c - Call Canine Familiar  Summ           29%        N/A       3%          3
d - Summon Guardian Gole  Hex/Summ       19%        N/A       10%         3

Your spell library contained the following spells:

 Spells                   Type           Power      Damage    Failure   Level
 Summon Lightning Spire   Summ/Air       16%        N/A       41%         4


Dungeon Overview and Level Annotations

Branches:
Dungeon (4/15)             Temple (1/1) D:4         Ossuary (visited)

Altars:
Fedhas
Gozag
Uskayaw
Wu Jian
Yredelemnul

Shops:
D:4 :


Innate Abilities, Weirdness & Mutations

You are partially covered in yellow scales. (AC +2)


Message History

Confirm with . or Enter, or press ? or * to list all spells.
You swap places.
The gnoll closely misses you.
Your hound bites the gnoll but does no damage.
Your hound bites the gnoll.
The gnoll hits your hound with a +0 spear.
Things that are here:
a +0 falchion; a +0 robe
Casting: Call Canine Familiar (dangerous; 3% risk of failure)
Confirm with . or Enter, or press ? or * to list all spells.
You don't know that spell.
Casting: Call Canine Familiar (dangerous; 3% risk of failure)
Confirm with . or Enter, or press ? or * to list all spells.
A guardian golem appears, shielding your allies.
Your hound bites the gnoll.
The gnoll barely misses your hound.
Your hound closely misses the gnoll.
Your hound completely misses the gnoll.
The gnoll closely misses your hound.
You swap places.
Your hound closely misses the gnoll.
You swap places.
Your hound bites the gnoll.
The gnoll closely misses your hound.
Your hound bites the gnoll.
Your hound bites the gnoll.
The gnoll hits your hound with a +0 spear.
You swap places.
The gnoll is no longer moving quickly.
Your hound barely misses the gnoll.
The gnoll hits your hound with a +0 spear.
Your hound bites the gnoll but does no damage.
You swap places.
Your hound barely misses the gnoll.
The gnoll hits your hound with a +0 spear!
Your hound dies!
Your hound's corpse disappears in a puff of smoke!
The gnoll shouts!
You swap places.
The gnoll misses you. Something hits your guardian golem.
You swap places.
The gnoll hits you from afar with a +0 spear!
* * * LOW HITPOINT WARNING * * *
You swap places.
The gnoll hits you from afar with a +0 spear.
You die...
Your body crumbles into a pile of gold.

**,** ##### **,*,**
##...###########***********,***,*
#...........#..,,,,,,,,,,,,,,,,,,
#.#...#'#...#.#************,***,*
#)....#.#...#.######## **,*,**
#...###.###...##.g.g.# **,**
#.#.#.....#...##9###.# ***
#.#.###.###....#@# #.#
#.#..,#.#........# #g######
#.#...###........# #.$.ggg#
#.#.............## ######.#
#.#######......## #.####### #.#
#####.## #....g.g. #.# #.#
######### ..# #.# ### #.*


You could see a gnoll (ally target) and a friendly guardian golem (summoned).

Vanquished Creatures
  Natasha (D:2)
  2 gnolls (D:4)
  An orc (D:3)
  2 endoplasms
  4 hobgoblins
  A jackal (D:1)
  3 quokkas
  2 ball pythons
  A kobold (D:4)
  A rat (D:1)
18 creatures vanquished.

Vanquished Creatures (collateral kills)
  Sigmund (D:2)
  Eustachio (D:4)
  A gnoll bouda (D:4)
  An orc priest (D:3)
  Natasha (twice) (D:2)
  An orc wizard (D:3)
  5 mummies (Ossuary)
  3 adders (D:2)
  3 gnolls
  2 worms (D:2)
  3 dart slugs
  2 orcs (D:3)
  2 ball pythons (D:4)
  6 endoplasms
  5 goblins
  2 hobgoblins (D:2)
  3 jackals (D:1)
  3 quokkas
  2 bats
  4 frilled lizards
  A hobgoblin zombie (Ossuary)
  3 kobolds (D:3)
  A kobold zombie (Ossuary)
  3 orc zombies (Ossuary)
  A rat (D:3)
61 creatures vanquished.

Vanquished Creatures (others)
  A centaur (D:4)
  A scorpion (D:4)
  An orc priest (D:3)
  3 mummies (Ossuary)
  An adder (D:3)
  An orc (D:4)
  A gnoll zombie (Ossuary)
  2 kobold zombies (Ossuary)
11 creatures vanquished.

Grand Total: 90 creatures vanquished

Notes
Turn   | Place    | Note
-------+----------+-------------------------------------------
     0 | D:1      | xian the Demonspawn Summoner began the quest for the Orb.
     0 | D:1      | Reached XP level 1. HP: 13/13 MP: 3/3
   228 | D:1      | Gained mutation: You are partially covered in yellow
                  | scales. (AC +2) [demonic ancestry]
   228 | D:1      | Reached XP level 2. HP: 3/19 MP: 1/5
  1148 | D:2      | Reached XP level 3. HP: 18/24 MP: 3/6
  1183 | D:2      | Noticed Natasha
  1198 | D:2      | Killed Natasha
  1459 | D:2      | Learned a level 2 spell: Call Imp
  1463 | D:2      | Learned a level 3 spell: Call Canine Familiar
  1554 | D:2      | Reached skill level 1 in Unarmed Combat
  1576 | D:2      | Reached XP level 4. HP: 30/30 MP: 0/7
  1803 | D:2      | Noticed Natasha
  1817 | D:2      | Killed Natasha
  1818 | D:2      | Reached skill level 5 in Summonings
  1830 | D:2      | Noticed Natasha
  1846 | D:2      | Killed Natasha
  1847 | D:2      | Reached XP level 5. HP: 15/35 MP: 2/9
  1856 | D:2      | Learned a level 3 spell: Summon Guardian Golem
  2103 | D:2      | Noticed Sigmund
  2128 | D:2      | Killed Sigmund
  2129 | D:2      | Reached XP level 6. HP: 29/41 MP: 7/11
  2380 | D:3      | Found a faded altar of an unknown god.
  2763 | D:3      | HP: 2/41 [orc/stone (1)]
  3345 | D:4      | Found Aweyfuamag's Book Shop.
  3350 | D:4      | Reached skill level 6 in Summonings
  3448 | D:4      | Reached XP level 7. HP: 4/47 MP: 4/13
  3556 | D:4      | Found a sand-covered staircase.
  3597 | Ossuary  | Entered an ossuary
  4039 | D:4      | Noticed Eustachio
  4087 | D:4      | Killed Eustachio
  4088 | D:4      | Reached skill level 1 in Short Blades
  4088 | D:4      | Reached skill level 5 in Spellcasting
  4267 | D:4      | Reached skill level 1 in Hexes
  4418 | D:4      | Found a staircase to the Ecumenical Temple.
  4463 | Temple   | Entered the Ecumenical Temple
  4484 | Temple   | Became a worshipper of Gozag Ym Sagoz the Greedy
  4813 | D:4      | Slain by a gnoll

Illustrated notes

Levels and vault maps discovered:
D:1:      minmay_arrival_radiant_lines, layout_basic, dreamdust_princess_bridge,
          chequers_mini_garden
D:2:      layout_loops_cross, st_stairs_10, uniq_sigmund, uniq_natasha
D:3:      layout_basic, nicolae_ecumenical_oubliette
D:4:      layout_loops_ring, minmay_temple_entry_drinking_statues,
          nicolae_ossuary_entry_plus, serial_shops, nicolae_diamond_shop,
          kennysheep_small_circle, uniq_menkaure, uniq_eustachio
Temple:   eino_temple_water

Skill      XL: |  1  2  3  4  5  6  7 |
---------------+----------------------+-----
Dodging        | 2 3 |  3.0
Stealth        | 2 |  2.6
Unarmed Combat | 1 |  1.0
Summonings     | 5 6 |  6.7
Spellcasting   | 3 4 5 |  5.2
Short Blades   | 1 |  1.0
Hexes          | 1 |  1.2
Fighting       | |  0.7
Armour         | |  0.4

Action                   |  1- 3 |  4- 6 |  7- 9 || total
-------------------------+-------+-------+-------++-------
Melee: Unarmed           |    35 |       |       ||    35
       Club              |    15 |       |       ||    15
       Punch             |     1 |     2 |       ||     3
       Dagger            |     4 |    59 |    88 ||   151
 Cast: Summon Small Mamm |    27 |     7 |     9 ||    43
       Call Canine Famil |     1 |    12 |    15 ||    28
       Call Imp          |     1 |     9 |     7 ||    17
       Summon Guardian G |       |     5 |     6 ||    11
  Use: Scroll            |       |     3 |     7 ||    10
       Potion            |       |       |     4 ||     4
 Stab: Distracted        |     2 |       |       ||     2
Armor: Robe              |    17 |    37 |     5 ||    59
       Skin              |       |       |    42 ||    42
       Leather armour    |       |       |    10 ||    10
Dodge: Dodged            |    48 |    60 |    50 ||   158

Table legend: (Time is in decaauts)
 A = Elapsed time spent in this place.
 B = Non-inter-level travel time spent in this place.
 C = Inter-level travel time spent in this place.
 D = Time resting spent in this place.
 E = Time spent auto-exploring this place.
 F = Levels seen in this place.
 G = Mean time per level.
                   A        B        C        D        E       F      G
               +--------+--------+--------+--------+--------+-----+--------+
         Total |   4818 |   4704 |    114 |    721 |   1925 |   6 |  803.0 |
       Dungeon |   4390 |   4276 |    114 |    628 |   1903 |   4 | 1097.5 |
        Temple |     35 |     35 |      0 |      0 |      1 |   1 |   35.0 |
       Ossuary |    392 |    392 |      0 |     93 |     21 |   1 |  392.0 |
               +--------+--------+--------+--------+--------+-----+--------+

Top non-repeatable levels by time:
     D:2: 1466 daAuts
     D:4: 1038 daAuts
     D:1: 1027 daAuts
     D:3: 857 daAuts
 Ossuary: 392 daAuts
  Temple: 35 daAuts
